 Dungeon Crawl Stone Soup version 0.30.1-11-g7821555f0a (webtiles) character file.

Game seed: 5451319127827723657

678 KittyFluff the Cudgeller (level 7, -1/44 HPs)
             Began as a Gargoyle Berserker on Nov 24, 2023.
             Was a Believer of Trog.
             Slain by Duvessa
             ... wielding a +5 short sword of flaming
              (4 damage)
             ... on level 4 of the Dungeon.
             The game lasted 00:10:12 (2276 turns).

KittyFluff the Cudgeller (Gargoyle Berserker)       Turns: 2276, Time: 00:10:13

Health: -1/44      AC: 11    Str: 23    XL:     7   Next: 60%
Magic:  7/7        EV: 12    Int:  7    God:    Trog [**....]
Gold:   65         SH:  0    Dex:  9    Spells: 6/6 levels left

rFire   . . .        a - +0 mace
rCold   . . .        d - orb {light}
rNeg    + . .        t - +0 leather armour
rPois   ∞            (no helmet)
rElec   +            m - +0 cloak
rCorr   .            (no gloves)
SInv    .            u - +1 pair of boots
Will    .....        (no amulet)
Stlth   +            (no ring)
HPRegen 0.27/turn    (no ring)
MPRegen 0.10/turn

%: no passive effects
@: glowing
A: sickness immunity, AC +4, negative energy resistance 1, electricity
resistance, torment resistance 1, petrification resistance
a: Renounce Religion, Berserk, Trog's Hand


You were on level 4 of the Dungeon.
You worshipped Trog.
Trog was pleased with you.
You visited 1 branch of the dungeon, and saw 4 of its levels.

You collected 65 gold pieces.

Inventory:

Hand Weapons
 a - a +0 mace (weapon)
 l - a +4 quarterstaff of chaos
 w - a +0 sling
Missiles
 b - 5 boomerangs
 n - 4 javelins (quivered)
Armour
 d - an orb of light (worn)
 m - a +0 cloak (worn)
 t - a +0 leather armour (worn)
 u - a +1 pair of boots (worn)
Wands
 s - a wand of digging (3)
Scrolls
 e - 5 scrolls of teleportation {unknown}
 g - 2 scrolls of immolation {unknown}
 i - a scroll of vulnerability {unknown}
 o - a scroll of enchant armour {unknown}
 p - a scroll of amnesia {unknown}
 q - a scroll of acquirement {unknown}
 r - 4 scrolls of identify {unknown}
 v - 2 scrolls of noise {unknown}
 y - a scroll of poison {unknown}
Potions
 c - a potion of haste {unknown}
 f - 2 potions of heal wounds {unknown}
 h - 5 potions of curing {unknown}
 j - 2 potions of mutation {unknown}
 k - a potion of resistance {unknown}
 x - a potion of cancellation {unknown}


   Skills:
 + Level 4.6 Fighting
 * Level 5.3 Maces & Flails
 * Level 5.0 Armour
 + Level 2.9 Dodging
 + Level 3.3 Stealth


You had 6 spell levels left.
You didn't know any spells.
Your spell library was empty.

Dungeon Overview and Level Annotations

Branches:
Dungeon (4/15)
 Temple: D:4-7

Altars:

Annotations:
D:4 Duvessa


Innate Abilities, Weirdness & Mutations

You are immune to sickness and miasma.
Your stone body is resilient. (AC +4)
You are immune to poison.
You resist negative energy. (rN+)
You are resistant to electric shocks. (rElec)
You are resistant to unholy torment.
You are immune to petrification.


Message History

The puff of frost hits you.
You hit Dowan.
Dowan is almost dead.
Dowan casts a spell.
Dowan blinks!
Dowan gestures at you while chanting. The puff of flame hits you.
Duvessa shouts!
You hit Dowan but do no damage.
Dowan is almost dead.
Dowan points at you and mumbles some strange words.
The puff of flame hits you but does no damage.
You sock Dowan!
You kill Dowan!
Trog accepts your kill.
Trog appreciates your killing of a magic user.
Duvessa weeps, and shakes her weapon.
Duvessa goes berserk!
Duvessa rages.
Your Armour skill increases to level 5!
Things that are here:
a +0 dagger; a +0 robe; the elf corpse of Dowan You thump Duvessa!
Duvessa is lightly wounded.
Duvessa hits you but does no damage.
You hit Duvessa.
Duvessa is moderately wounded.
Duvessa hits you with a +5 short sword of flaming!
Duvessa burns you.
Duvessa hits you with a +5 short sword of flaming.
Duvessa burns you.
You hit Duvessa.
Duvessa is moderately wounded.
Duvessa closely misses you.
You barely miss Duvessa.
Duvessa is moderately wounded.
Duvessa hits you with a +5 short sword of flaming!!
* * * LOW HITPOINT WARNING * * *
Duvessa burns you.
You die...

#....# #....# #. .# #
#<.# .#'## ######..#
....# # ........# ....
.# ........# #..# ..#
........+ #..##..#
..##....# #e.....#
..####+#####+###@.....#
.........#....##..##..#
.........+....##..##..#
.........#.....#......#
.........#.....'......#
..###..###.##.######..#
..###..###'#### ###
...........#
...........#


You could see Duvessa (berserk).

Vanquished Creatures
  Grinder (D:4)
  Sigmund (D:2)
  A water moccasin (D:3)
  Dowan (D:4)
  Crazy Yiuf (D:2)
  Jessica (D:3)
  Ijyb (D:3)
  3 adders
  3 worms
  3 dart slugs
  2 orcs (D:3)
  5 bats
  4 endoplasms
  A giant cockroach (D:1)
  5 goblins
  3 hobgoblins
  4 kobolds
  A quokka (D:1)
  7 ball pythons
  3 frilled lizards
  4 rats
55 creatures vanquished.

Notes
Turn   | Place    | Note
-------+----------+-------------------------------------------
     0 | D:1      | KittyFluff the Gargoyle Berserker began the quest for the
                  | Orb.
     0 | D:1      | Reached XP level 1. HP: 14/14 MP: 1/1
   168 | D:1      | Reached XP level 2. HP: 15/19 MP: 2/2
   355 | D:1      | Reached XP level 3. HP: 19/23 MP: 3/3
   385 | D:1      | You fall into a shaft and drop 1 floor!
   580 | D:2      | Noticed Sigmund
   589 | D:2      | Killed Sigmund
   590 | D:2      | Reached XP level 4. HP: 26/29 MP: 4/4
   590 | D:2      | Reached XP level 5. HP: 30/33 MP: 5/5
   929 | D:2      | Found a runed translucent door.
   930 | D:2      | Noticed Crazy Yiuf
   936 | D:2      | Killed Crazy Yiuf
  1000 | D:2      | Reached XP level 6. HP: 38/38 MP: 6/6
  1159 | D:3      | Noticed Jessica
  1165 | D:3      | Killed Jessica
  1267 | D:3      | Reached ** piety under Trog
  1387 | D:3      | Noticed a water moccasin
  1398 | D:3      | Killed a water moccasin
  1600 | D:3      | Noticed Ijyb
  1609 | D:3      | Killed Ijyb
  1945 | D:4      | Noticed Grinder
  1947 | D:4      | Paralysed by Grinder for 3 turns
  1963 | D:4      | Killed Grinder
  1964 | D:4      | Reached skill level 5 in Maces & Flails
  1964 | D:4      | Reached XP level 7. HP: 9/44 MP: 7/7
  2252 | D:4      | Noticed Dowan
  2253 | D:4      | Noticed Duvessa
  2271 | D:4      | Killed Dowan
  2272 | D:4      | Reached skill level 5 in Armour
  2276 | D:4      | Slain by Duvessa

Illustrated notes

Levels and vault maps discovered:
D:1:      dpeg_arrival_simpleton_b, layout_loops_ring, st_stairs_6,
          solitary_fountain
D:2:      layout_basic, kennysheep_generic_room_15, uniq_sigmund,
          uniq_crazy_yiuf_cottage
D:3:      cheibrodos_old_hovel, layout_loops_ring, uniq_jessica, uniq_ijyb
D:4:      layout_gridville, uniq_grinder, uniq_eustachio, uniq_duvessa,
          uniq_robin

Skill      XL: |  1  2  3  4  5  6  7 |
---------------+----------------------+-----
Maces & Flails | 4 5 |  5.3
Armour         | 3 4 5 |  5.0
Dodging        | 2 |  2.9
Stealth        | 2 3 |  3.3
Fighting       | 4 |  4.6

Action                     |  1- 3 |  4- 6 |  7- 9 || total
---------------------------+-------+-------+-------++-------
  Melee: Mace              |    68 |   106 |    23 ||   197
 Armour: Animal skin       |    25 |    33 |       ||    58
         Leather armour    |       |     8 |     7 ||    15
  Dodge: Dodged            |    57 |    82 |    10 ||   149
